 Dungeon Crawl Stone Soup version 0.30-a0-358-g0d69a1922f (webtiles) character file.

Game seed: 3287722174573753822

745 NinjaNoafa the Basher (level 7, 0/66 HPs)
             Began as a Minotaur Fighter on Nov 8, 2022.
             Was a Believer of Ru.
             Slain by a river rat (5 damage)
             ... on level 5 of the Dungeon.
             The game lasted 00:09:23 (4066 turns).

NinjaNoafa the Basher (Minotaur Fighter)            Turns: 4066, Time: 00:09:24

Health: 0/66       AC: 11    Str: 23    XL:     7   Next: 47%
Magic:  6/6        EV:  6    Int:  5    God:    Ru [**....]
Gold:   249        SH:  5    Dex: 15    Spells: 6/6 levels left

rFire   . . .      SeeInvis .    t - +1 whip (elec)
rCold   . . .      Faith    .    c - +0 buckler
rNeg    . . .      Spirit   .    o - +0 plate armour
rPois   .          Reflect  .    (helmet restricted)
rElec   .          Harm     .    (no cloak)
rCorr   .          Rampage  .    (no gloves)
Will    .....                    (no boots)
Stlth   ..........               b - amulet of magic regeneration
HPRegen 0.31/turn                n - +6 ring of dexterity
MPRegen 0.50/turn                (no ring)

@: no status effects
A: horns 2, inability to use devices, retaliatory headbutt
a: Renounce Religion


You were on level 5 of the Dungeon.
You worshipped Ru.
Ru was pleased with you.
You visited 1 branch of the dungeon, and saw 5 of its levels.

You collected 249 gold pieces.

Inventory:

Hand Weapons
 t - a +1 whip of electrocution (weapon)
Missiles
 e - 41 stones
 j - 7 poisoned darts (quivered)
Armour
 c - a +0 buckler (worn)
 o - a +0 plate armour (worn)
Jewellery
 b - an amulet of magic regeneration (around neck)
 k - a ring of fire
 n - a +6 ring of dexterity (left hand)
Scrolls
 a - a scroll of immolation {unknown}
 f - 5 scrolls of identify {unknown}
 g - 2 scrolls of magic mapping {unknown}
 m - 4 scrolls of fear {unknown}
 p - 3 scrolls of teleportation
 q - 3 scrolls of torment {unknown}
 r - a scroll of noise {unknown}
 w - a scroll of poison {unknown}
 x - 2 scrolls of blinking {unknown}
 y - a scroll of vulnerability {unknown}
Potions
 d - a potion of might
 h - a potion of resistance
 i - a potion of ambrosia {unknown}
 l - a potion of invisibility {unknown}
 s - a potion of mutation {unknown}
 v - a potion of lignification {unknown}


   Skills:
 - Level 7.0 Fighting
 + Level 8.4 Maces & Flails
 - Level 3.6 Armour
 - Level 3.6 Shields


You had 6 spell levels left.
You didn't know any spells.
Your spell library was empty.

Dungeon Overview and Level Annotations

Branches:
Dungeon (5/15)
 Temple: D:4-7

Altars:
Kikubaaqudgha
Okawaru
Ru
Sif Muna
Trog
Uskayaw

Shops:
D:1 **

Portals:
Sewer: D:5


Innate Abilities, Weirdness & Mutations

You have a pair of horns on your head.
You cannot study or use magical devices.
You reflexively headbutt those who attack you in melee.


Message History

The giant cockroach waves its antennae.
The river rat barely misses you. You furiously retaliate!
You headbutt the river rat!
You kill the river rat!
The hound attacks as you move away! The hound closely misses you.
The river rat attacks as you move away! The river rat bites you.
Found a glowing drain.
The centaur shoots an arrow.
The arrow barely misses you. The hound bites you but does no damage.
The centaur shoots an arrow.
The arrow hits you but does no damage. The river rat attacks as you move away!
You block the river rat's attack.
The giant cockroach bites you but does no damage.
The hound bites you but does no damage.
The centaur unwields a +0 shortbow.
The centaur hits you but does no damage.
The centaur kicks you but does no damage.
You redirect the centaur's attack!
The centaur wields a +0 shortbow.
The centaur shoots an arrow.
The arrow hits the centaur!
The hound barely misses you.
The giant cockroach bites you but does no damage.
The hound attacks as you move away! You block the hound's attack.
You enter the shallow water.
Moving in this stuff is going to be slow.
The giant cockroach bites you but does no damage.
The river rat attacks as you move away! The river rat bites you.
The hound splashes around in the water.
The hound attacks as you move away!
The hound is stunned by your conviction and fails to attack.
The hound bites you but does no damage.
The river rat bites you but does no damage.
The hound attacks as you move away! The hound barely misses you.
You furiously retaliate!
You headbutt the hound!
You kill the hound!
The centaur shoots an arrow.
The arrow hits you!
* * * LOW HITPOINT WARNING * * *
The centaur shoots an arrow.
The arrow hits you!
* * * LOW HITPOINT WARNING * * *
Okay, then.
The river rat bites you but does no damage.
There is a glowing drain here.
The river rat bites you.
You die...

### ..## #...#
###### ....#
####....
....########.....#
.#.##..).......~~#
.#.##........~~~~#
.#.##........~~B~#
.#.##.......~†cr@#
.#.##.......######
...##........#
.............#
...##........#
...##........#
<..######.####
.... ....
..#######.#..


You could see a centaur (corona), a river rat and a giant cockroach.

Vanquished Creatures
  A centaur (D:5)
  2 phantoms
  A scorpion (D:4)
  2 jellies (D:4)
  3 hounds
  An orc priest (D:5)
  Natasha (twice) (D:2)
  An orc wizard (D:5)
  9 gnolls
  3 adders
  A river rat (D:5)
  A white imp (D:5)
  2 ufetubi
  A worm (D:2)
  A dart slug (D:3)
  6 orcs
  6 bats
  7 endoplasms
  3 giant cockroaches
  6 hobgoblins
  8 kobolds
  5 quokkas
  10 ball pythons
  3 frilled lizards
  8 goblins
  6 rats
99 creatures vanquished.

Vanquished Creatures (others)
  46 plants (D:5)
46 creatures vanquished.

Grand Total: 145 creatures vanquished

Notes
Turn   | Place    | Note
-------+----------+-------------------------------------------
     0 | D:1      | NinjaNoafa the Minotaur Fighter began the quest for the
                  | Orb.
     0 | D:1      | Reached XP level 1. HP: 19/19 MP: 0/0
   263 | D:1      | HP: 1/20 [quokka (3)]
   264 | D:1      | Reached skill level 3 in Maces & Flails
   264 | D:1      | Reached XP level 2. HP: 2/27 MP: 1/1
   425 | D:1      | Found Roud's Assorted Antiques.
   768 | D:1      | Found Noamaur's General Store.
   958 | D:2      | Reached XP level 3. HP: 34/34 MP: 2/2
  1272 | D:2      | Noticed Natasha
  1281 | D:2      | Killed Natasha
  1282 | D:2      | Reached skill level 4 in Maces & Flails
  1424 | D:2      | Noticed Natasha
  1432 | D:2      | Killed Natasha
  1433 | D:2      | Reached skill level 5 in Fighting
  1433 | D:2      | Reached XP level 4. HP: 37/42 MP: 3/3
  1795 | D:3      | Found an iron altar of Okawaru.
  1891 | D:3      | Reached XP level 5. HP: 48/48 MP: 4/4
  2186 | D:3      | Found a shimmering blue altar of Sif Muna.
  2195 | D:3      | Found a sacrificial altar of Ru.
  2304 | D:3      | Became a worshipper of Ru the Awakened
  2332 | D:4      | Noticed a phantom
  2334 | D:4      | Reached skill level 5 in Maces & Flails
  2417 | D:4      | Killed a phantom
  2418 | D:4      | Reached XP level 6. HP: 24/58 MP: 5/5
  2641 | D:4      | Found a hide-covered altar of Uskayaw.
  2672 | D:4      | Found a bloodstained altar of Trog.
  2684 | D:4      | Reached skill level 6 in Maces & Flails
  2809 | D:4      | Found an ancient bone altar of Kikubaaqudgha.
  3469 | D:5      | Entered Level 5 of the Dungeon
  3557 | D:5      | Noticed an ice beast
  3574 | D:5      | Reached skill level 7 in Maces & Flails
  3574 | D:5      | Reached XP level 7. HP: 22/66 MP: 6/6
  3716 | D:5      | Gained mutation: You cannot study or use magical devices.
                  | [Ru sacrifice]
  3716 | D:5      | Reached * piety under Ru
  3716 | D:5      | Reached ** piety under Ru
  3951 | D:5      | Reached skill level 8 in Maces & Flails
  4058 | D:5      | Found a glowing drain.
  4066 | D:5      | Slain by a river rat

Illustrated notes

Levels and vault maps discovered:
D:1:      dpeg_arrival_snail, layout_loops_ring, serial_shops,
          nicolae_shop_behind_doors, nicolae_shop_statue_plus,
          hangedman_decor_clover_reticule
D:2:      layout_basic, uniq_natasha
D:3:      wander_river, layout_basic, okawaru_gym_becter,
          mainiacjoe_overflow_swirl, serial_park_tiny_2, minmay_quadrilaterals
D:4:      layout_basic, mainiacjoe_overflow_six_doors_small,
          nicolae_uskayaw_murder_on_the_dancefloor, old_standard_altar
D:5:      kennysheep_kobold_camp, layout_basic, minmay_temple_entry_trees,
          portal_sewer_entry_b, hangedman_glass_teeth,
          minmay_manual_mandibuliform

Skill      XL: |  1  2  3  4  5  6  7 |
---------------+----------------------+-----
Fighting       | 4 5 6 7 |  7.0
Maces & Flails | 3 4 5 7 8 |  8.4
Armour         | |  3.6
Shields        | |  3.6

Action                   |  1- 3 |  4- 6 |  7- 9 || total
-------------------------+-------+-------+-------++-------
Melee: Flail             |    54 |    50 |       ||   104
       Headbutt          |     7 |    25 |     5 ||    37
       Whip              |       |    74 |    22 ||    96
Throw: Dart              |       |     3 |       ||     3
Invok: Sacrifice Artific |       |       |     1 ||     1
  Use: Scroll            |       |     2 |     1 ||     3
       Potion            |       |       |     5 ||     5
Armor: Scale mail        |    15 |       |       ||    15
       Plate armour      |     8 |    83 |    28 ||   119
Dodge: Dodged            |    35 |    29 |    17 ||    81
Block: Buckler           |    11 |    34 |    18 ||    63

Table legend: (Time is in decaauts)
 A = Elapsed time spent in this place.
 B = Non-inter-level travel time spent in this place.
 C = Inter-level travel time spent in this place.
 D = Time resting spent in this place.
 E = Time spent auto-exploring this place.
 F = Levels seen in this place.
 G = Mean time per level.
                   A        B        C        D        E       F      G
               +--------+--------+--------+--------+--------+-----+--------+
         Total |   4106 |   3884 |    222 |      0 |   3182 |   5 |  821.2 |
       Dungeon |   4106 |   3884 |    222 |      0 |   3182 |   5 |  821.2 |
               +--------+--------+--------+--------+--------+-----+--------+

Top non-repeatable levels by time:
     D:4: 1080 daAuts
     D:1: 896 daAuts
     D:3: 845 daAuts
     D:2: 691 daAuts
     D:5: 592 daAuts
